 Dungeon Crawl Stone Soup version 0.20.0-15-g7f486f2 (webtiles) character file.

394 xelsha the Skirmisher (level 6, 0/67 HPs)
             Began as an Ogre Berserker on June 10, 2017.
             Was a Priest of Trog.
             Slain by a human zombie (3 damage)
             ... in an ossuary.
             The game lasted 00:09:42 (4104 turns).

xelsha the Skirmisher (Ogre Berserker)              Turns: 4104, Time: 00:09:43

Health: 0/67       AC:  3    Str: 22    XL:     6   Next: 81%
Magic:  6/6        EV: 11    Int: 11    God:    Trog [***...]
Gold:   166        SH:  5    Dex: 10    Spells: 5/5 levels left

rFire    . . .     SeeInvis .   q - +0 flail
rCold    . . .     Gourm    .   (no shield)
rNeg     . . .     Faith    .   b - +0 animal skin
rPois    +         Spirit   .   (helmet restricted)
rElec    .         Reflect  +   (no cloak)
rCorr    .         Harm     .   (gloves unavailable)
MR       ++...                  (boots unavailable)
Stlth    +.........             f - +5 amulet of reflection
Regen    1.3/turn               o - +3 ring of intelligence
MPRegen  0.1/turn               s - ring of poison resistance

@: lethally poisoned (0 -> 0), regenerating
A: unfitting armour, tough skin 1
a: Berserk, Trog's Hand, Burn Spellbooks, Renounce Religion


You were in an ossuary.
You worshipped Trog.
Trog was most pleased with you.
You were very hungry.

You visited 1 branch of the dungeon, and saw 4 of its levels.
You also visited: Ossuary.

You collected 166 gold pieces.

Inventory:

Hand Weapons
 a - a +0 mace
 q - a +0 flail (weapon)
 x - a +0 halberd
Armour
 b - a +0 animal skin (worn)
 t - a +0 shield
Jewellery
 f - a +5 amulet of reflection (around neck)
 o - a +3 ring of intelligence (left hand)
 s - a ring of poison resistance (right hand)
 z - a cursed ring of loudness {unknown}
Scrolls
 d - a scroll of remove curse {unknown}
 h - 2 scrolls of fear {unknown}
 i - 5 scrolls of identify
 l - 2 scrolls of teleportation {unknown}
 y - 3 scrolls of recharging {unknown}
Potions
 e - a potion of flight {unknown}
 g - a potion of magic {unknown}
 j - a potion of lignification {unknown}
 k - a potion of might {unknown}
 m - a potion of mutation {unknown}
 n - a potion of haste {unknown}
 p - a potion of degeneration {unknown}
 r - a potion of curing {unknown}
 u - 2 potions of resistance {unknown}
Comestibles
 c - 4 bread rations
 v - a meat ration


   Skills:
 + Level 5.7 Fighting
 * Level 5.1 Maces & Flails
 + Level 4.2 Dodging


You had 5 spell levels left.
You didn't know any spells.

Dungeon Overview and Level Annotations

Branches:
Dungeon (4/15)
 Temple: D:4-7

Altars:
Ashenzari
Nemelex Xobeh
Okawaru
Trog


Innate Abilities, Weirdness & Mutations

You are too large for most types of armour.
You have tough skin. (AC +1)


Message History

You block the centaur zombie's attack. The human zombie closely misses you.
The scorpion barely misses you. The scorpion zombie hits you.
* * * LOW HITPOINT WARNING * * *
You hit the scorpion but do no damage.
You feel sick. The centaur zombie hits you.
* * * LOW HITPOINT WARNING * * *
The human zombie hits you.
* * * LOW HITPOINT WARNING * * *
The goblin zombie barely misses you. The scorpion completely misses you.
The human zombie hits you.
* * * LOW HITPOINT WARNING * * *
The scorpion zombie hits you.
* * * LOW HITPOINT WARNING * * *
The centaur zombie hits you.
* * * LOW HITPOINT WARNING * * *
You feel sick.
The scorpion stings you but does no damage.
You block the goblin zombie's attack. The centaur zombie closely misses you.
The human zombie hits you.
You die...

##8...8## #.......#
#...8...' #...#...#
##+###########'######
#.....#.....#^..#...#
#.....#.....'.^.#...8
#...sZ8.....#^..#....
#...@Z......######8..
#...ZZZ.....#M??#....
###8.....8###...#...8
...........#?!?#...#
#...........##+###'##
#.....8.....# #...#
#.....#.....+ #.∩.'
#.....#.....# #...#
#####


You could see a scorpion, a scorpion zombie, a goblin zombie, a centaur zombie
and 2 human zombies.

Vanquished Creatures
  2 scorpions (Ossuary)
  A hound zombie (D:3)
  A worker ant zombie (D:3)
  6 gnolls (D:4)
  A howler monkey zombie (D:3)
  9 adders
  An adder zombie (D:3)
  3 worms
  5 dart slugs
  3 leopard geckos
  7 orcs
  3 ball pythons
  11 bats
  4 giant cockroaches
  A gnoll zombie (Ossuary)
  6 goblins
  7 hobgoblins
  2 quokkas
  2 frilled lizards (D:2)
  A hobgoblin zombie (Ossuary)
  A jackal zombie (D:3)
  11 kobolds
  A kobold zombie (Ossuary)
  A leopard gecko zombie (D:3)
  5 rats
95 creatures vanquished.

Vanquished Creatures (others)
  A goblin (D:3)
1 creature vanquished.

Grand Total: 96 creatures vanquished

Notes
Turn   | Place    | Note
-------+----------+-------------------------------------------
     0 | D:1      | xelsha the Ogre Berserker began the quest for the Orb.
     0 | D:1      | Reached XP level 1. HP: 24/24 MP: 1/1
    63 | D:1      | Reached XP level 2. HP: 29/32 MP: 2/2
   232 | D:1      | Found a shattered altar of Ashenzari.
   852 | D:1      | Found a sparkling altar of Nemelex Xobeh.
  1034 | D:2      | Reached XP level 3. HP: 38/40 MP: 3/3
  1126 | D:2      | Reached ** piety under Trog
  1163 | D:2      | Found an iron altar of Okawaru.
  1747 | D:2      | Reached XP level 4. HP: 29/49 MP: 4/4
  2583 | D:3      | Reached skill level 5 in Fighting
  2583 | D:3      | Reached XP level 5. HP: 52/57 MP: 5/5
  3060 | D:3      | Found a bloodstained altar of Trog.
  3745 | D:4      | Reached XP level 6. HP: 66/66 MP: 6/6
  3759 | D:4      | Reached *** piety under Trog
  4027 | D:4      | Found a sand-covered staircase.
  4035 | Ossuary  | Entered an ossuary
  4050 | Ossuary  | Reached skill level 5 in Maces & Flails
  4103 | Ossuary  | HP: 3/67 [centaur zombie (1)]
  4104 | Ossuary  | Slain by a human zombie

Skill      XL: |  1  2  3  4  5  6 |
---------------+-------------------+-----
Maces & Flails | 3 4 5 |  5.1
Dodging        | 3 4 |  4.2
Fighting       | 5 |  5.7

Action                   |  1- 3 |  4- 6 || total
-------------------------+-------+-------++-------
Melee: Mace              |   122 |    72 ||   194
       Flail             |       |   177 ||   177
Invok: Berserk           |       |     1 ||     1
       Trog's Hand       |       |     2 ||     2
  Use: Scroll            |     1 |     2 ||     3
 Stab: Sleeping          |       |     1 ||     1
  Eat: Chunk             |     3 |     8 ||    11
Armor: Animal skin       |    34 |    71 ||   105
Dodge: Dodged            |    74 |   161 ||   235
Block: Other             |    38 |    80 ||   118
       Reflection        |     1 |     5 ||     6
